 Dungeon Crawl Stone Soup version 0.28.0 (webtiles) character file.

Game seed: 324687634625193822

1205 mkm the Covered (level 8, -8/71 HPs)
             Began as a Minotaur Berserker on Feb 10, 2022.
             Was a Priest of Trog.
             Mangled by a seven-headed hydra (12 damage)
             ... on level 5 of the Dungeon.
             The game lasted 00:13:37 (5276 turns).

mkm the Covered (Minotaur Berserker)                Turns: 5276, Time: 00:13:39

Health: -8/71      AC:  7    Str: 23    XL:     8   Next: 21%
Magic:  7/7        EV: 12    Int:  6    God:    Trog [***...]
Gold:   372        SH:  0    Dex: 11    Spells: 7/7 levels left

rFire   + . .      SeeInvis .   a - +0 mace
rCold   . . .      Faith    +   (no shield)
rNeg    . . .      Spirit   .   n - +0 ring mail
rPois   .          Reflect  .   (helmet restricted)
rElec   .          Harm     .   (no cloak)
rCorr   .          Rampage  .   m - +0 pair of gloves
Will    ++...                   (no boots)
Stlth   +.........              t - amulet of faith
HPRegen 1.21/turn               h - ring of protection from fire
MPRegen 0.10/turn               (no ring)

@: strong-willed, on berserk cooldown, regenerating, slowed, very slow
A: horns 2, retaliatory headbutt, claws 1, clever 1, MP-powered wands
a: Renounce Religion, Berserk, Trog's Hand


You were on level 5 of the Dungeon.
You worshipped Trog.
Trog was most pleased with you.
You visited 1 branch of the dungeon, and saw 6 of its levels.

You collected 372 gold pieces.

Inventory:

Hand Weapons
 a - a +0 mace (weapon)
 w - a +4 hand axe
Armour
 m - a +0 pair of gloves (worn)
 n - a +0 ring mail (worn)
Jewellery
 h - a ring of protection from fire (left hand)
 t - an amulet of faith (around neck)
Wands
 i - a wand of flame (39)
 r - a wand of digging (2)
Scrolls
 b - a scroll of enchant armour {unknown}
 d - 2 scrolls of fear {unknown}
 g - 2 scrolls of fog {unknown}
 j - a scroll of magic mapping {unknown}
 l - a scroll of vulnerability {unknown}
 o - a scroll of blinking {unknown}
 s - a scroll of immolation {unknown}
 v - a scroll of noise {unknown}
Potions
 c - a potion of cancellation
 e - 2 potions of curing
 f - a potion of heal wounds {unknown}
 k - 2 potions of invisibility {unknown}
 p - 2 potions of haste
 q - a potion of attraction {unknown}
 u - 2 potions of flight {unknown}
 x - 2 potions of ambrosia {unknown}


   Skills:
 + Level 6.8 Fighting
 + Level 6.0(6.5) Axes
 - Level 3.6(5.3) Maces & Flails
 + Level 7.1 Armour
 + Level 4.7 Dodging


You had 7 spell levels left.
You didn't know any spells.
Your spell library was empty.

Dungeon Overview and Level Annotations

Branches:
Dungeon (6/15)             Temple (0/1) D:5

Altars:
Kikubaaqudgha


Innate Abilities, Weirdness & Mutations

You have a pair of horns on your head.
You reflexively headbutt those who attack you in melee.
You have sharp fingernails.
Your mind is acute. (Int +2)
You expend magic power (3 MP) to strengthen your wands.


Message History

You kill the white imp!
Trog accepts your kill.
x - 2 viscous brown potions
Found a stone staircase leading up.
Found an escape hatch in the ceiling.
Found 4 javelins.
Found an escape hatch in the floor.
Found a stone staircase leading down.
Found 15 stones.
A seven-headed hydra comes into view.
Okay, then.
A red film seems to cover your vision as you go berserk!
You feel yourself moving faster!
You feel mighty!
The seven-headed hydra bites you but does no damage.
The seven-headed hydra bites you.
The seven-headed hydra completely misses you.
The seven-headed hydra bites you.
The seven-headed hydra barely misses you. x3
You feel a strong urge to attack something.
There is a stone staircase leading up here.
You feel your anger nearly subside.
You are no longer berserk.
You are exhausted.
You feel yourself slow down.
You climb upwards.
There is a stone staircase leading down here.
Okay, then.
a - a +0 mace (weapon)
The seven-headed hydra bites you! x3
The seven-headed hydra closely misses you.
The seven-headed hydra bites you!
The seven-headed hydra barely misses you.
The seven-headed hydra misses you.
Your skin crawls.
You feel strong-willed.
The seven-headed hydra bites you. x2; The seven-headed hydra bites you!
* * * LOW HITPOINT WARNING * * *
The seven-headed hydra bites you!
* * * LOW HITPOINT WARNING * * *
The seven-headed hydra bites you!
You die...

##.#................#.#...##
###.#................####....
##..#.................###...##
###...#................###...#..
#..........##................#..
##........###.........##.....#..
##........#...###....#......##.
####.....[...##...............
##....#..#@##.....##.....##
##....#..D###....#......##
#...........#....#......##
##...#..#..[.......#.....#
#########.....##.......##
###......##......
##.....##..##.. #....###..###.
##........##..


You could see a seven-headed hydra.

Vanquished Creatures
  Duvessa (D:5)
  A sky beast (D:6)
  A black bear (D:4)
  A necrophage (D:4)
  A phantom (D:6)
  A kobold brigand (D:4)
  A bullfrog (D:6)
  A scorpion (D:5)
  Dowan (D:5)
  A water moccasin skeleton (D:4)
  A howler monkey (D:4)
  A hound (D:4)
  Jessica (D:2)
  Terence (D:2)
  2 iguanas
  An orc wizard (D:3)
  Natasha (twice) (D:2)
  A hound zombie (D:5)
  3 hound skeletons
  4 adders
  3 gnolls (D:2)
  A white imp (D:6)
  An ufetubus (D:5)
  A dart slug (D:2)
  14 orcs
  8 ball pythons
  10 endoplasms
  3 giant cockroaches
  10 goblins
  7 hobgoblins
  4 jackals (D:4)
  2 kobolds
  2 quokkas (D:3)
  6 bats
  5 frilled lizards
  A rat (D:3)
105 creatures vanquished.

Notes
Turn   | Place    | Note
-------+----------+-------------------------------------------
     0 | D:1      | mkm the Minotaur Berserker began the quest for the Orb.
     0 | D:1      | Reached XP level 1. HP: 19/19 MP: 0/0
   256 | D:1      | Reached XP level 2. HP: 26/27 MP: 1/1
   494 | D:1      | Found a faded altar of an unknown god.
  1068 | D:2      | Reached XP level 3. HP: 32/34 MP: 2/2
  1251 | D:2      | Reached ** piety under Trog
  1264 | D:2      | Noticed Jessica
  1284 | D:2      | Killed Jessica
  1285 | D:2      | Reached skill level 5 in Fighting
  1285 | D:2      | Reached skill level 3 in Armour
  1285 | D:2      | Reached XP level 4. HP: 20/42 MP: 3/3
  1525 | D:2      | Noticed Natasha
  1533 | D:2      | Killed Natasha
  1673 | D:2      | Noticed Terence
  1678 | D:2      | Killed Terence
  1749 | D:2      | Reached XP level 5. HP: 48/48 MP: 4/4
  1754 | D:2      | Reached skill level 4 in Armour
  2011 | D:2      | Noticed Natasha
  2015 | D:2      | Killed Natasha
  2016 | D:2      | Reached skill level 1 in Axes
  2285 | D:3      | Gained mutation: You have sharp fingernails. [potion of
                  | mutation]
  2285 | D:3      | Gained mutation: Your mind is acute. (Int +2) [potion of
                  | mutation]
  2285 | D:3      | Gained mutation: You expend magic power (3 MP) to
                  | strengthen your wands. [potion of mutation]
  2454 | D:3      | Reached *** piety under Trog
  2467 | D:3      | Reached XP level 6. HP: 34/57 MP: 5/5
  2949 | D:4      | Reached skill level 5 in Armour
  3380 | D:4      | Reached XP level 7. HP: 61/62 MP: 6/6
  3698 | D:4      | Identified the +8 hunting sling of Purpose {freeze, SInv}
  3979 | D:4      | Reached skill level 6 in Armour
  4177 | D:5      | Entered Level 5 of the Dungeon
  4398 | D:5      | Found a staircase to the Ecumenical Temple.
  4535 | D:5      | Noticed Dowan
  4536 | D:5      | Noticed Duvessa
  4542 | D:5      | Killed Dowan
  4543 | D:5      | Reached skill level 5 in Axes
  4546 | D:5      | Killed Duvessa
  4679 | D:5      | Found an ancient bone altar of Kikubaaqudgha.
  5059 | D:6      | Reached XP level 8. HP: 71/71 MP: 7/7
  5100 | D:6      | Reached skill level 7 in Armour
  5258 | D:6      | Noticed a seven-headed hydra
  5276 | D:5      | Mangled by a seven-headed hydra

Illustrated notes

Levels and vault maps discovered:
D:1:      eino_arrival_druids_welcome, layout_basic,
          dreamdust_ecumenical_altar_statues, minmay_misc_feat_columns,
          roderic_roman_lattice, wander_ebering_terrifying_dragon_lair
D:2:      layout_loops_cross, grunt_decor_arrowhead, item_on_display_b,
          uniq_jessica, uniq_terence, uniq_natasha
D:3:      layout_basic, minmay_misc_feat_enclosed, chequers_serial_rivers_room_a
D:4:      layout_loops_corners
D:5:      layout_cave_pools, kiku_gazebo_pond_becter, minmay_temple_entry_hall,
          uniq_duvessa
D:6:      layout_basic, nicolae_shop_clearance

Skill      XL: |  1  2  3  4  5  6  7  8 |
---------------+-------------------------+-----
Fighting       | 4 5 6 |  6.8
Armour         | 3 4 5 6 7 |  7.1
Dodging        | 3 4 |  4.7
Axes           | 2 3 5 6 |  6.0
Maces & Flails | |  3.6

Action                   |  1- 3 |  4- 6 |  7- 9 || total
-------------------------+-------+-------+-------++-------
Melee: Mace              |    61 |     7 |       ||    68
       Headbutt          |     9 |    29 |    11 ||    49
       Hand axe          |       |   131 |    85 ||   216
       Punch             |       |     3 |       ||     3
Invok: Berserk           |     1 |     2 |     4 ||     7
       Trog's Hand       |       |       |     1 ||     1
  Use: Scroll            |       |     5 |     2 ||     7
       Potion            |       |     1 |       ||     1
Armor: Animal skin       |     8 |       |       ||     8
       Scale mail        |    17 |    20 |       ||    37
       Ring mail         |       |    24 |    19 ||    43
Dodge: Dodged            |    39 |    86 |    62 ||   187
